 Dungeon Crawl Stone Soup version 0.19.5 (webtiles) character file.

109 McKennaii the Gusty (level 4, -11/27 HPs)
             Began as a High Elf Air Elementalist on Apr 24, 2017.
             Killed from afar by Robin (14 damage)
             ... with a wand of flame
             ... on level 2 of the Dungeon.
             The game lasted 00:07:14 (1723 turns).

McKennaii the Gusty (High Elf Air Elementalist)     Turns: 1723, Time: 00:07:15

Health: -11/27     AC:  3    Str:  7    XL:     4   Next: 60%
Magic:  1/10       EV: 13    Int: 19    God:
Gold:   78         SH:  0    Dex: 16    Spells: 3 memorised, 5 levels left

rFire  . . .     SeeInvis .     (no weapon)
rCold  . . .     Gourm    .     a - +0 robe
rNeg   . . .     Faith    .     (no shield)
rPois  .         Spirit   .     (no helmet)
rElec  .         Reflect  .     (no cloak)
rCorr  .         Harm     .     i - +0 pair of gloves
MR     .....                    (no boots)
Stlth  ++........               (no amulet)
                                (no ring)
                                (no ring)

@: no status effects
A: no striking features
a: no special abilities


You were on level 2 of the Dungeon.
You were full.

You visited 1 branch of the dungeon, and saw 3 of its levels.

You collected 78 gold pieces.

Inventory:

Armour
 a - a +0 robe (worn)
 e - a +0 pair of gloves
 i - a +0 pair of gloves (worn)
Scrolls
 f - a scroll of blinking {unknown}
 g - 2 scrolls of identify {unknown}
 j - a scroll of recharging {unknown}
 k - a scroll of immolation {unknown}
 l - a scroll of remove curse {unknown}
Potions
 h - a potion of brilliance
Books
 b - a book of Air

   Spells                             Type                      Level
   a - Shock                          Conjuration/Air              1
   b - Swiftness                      Charms/Air                   2
   c - Repel Missiles                 Charms/Air                   2
   d - Static Discharge               Conjuration/Air              3
   e - Lightning Bolt                 Conjuration/Air              5
Comestibles
 c - a bread ration
 d - a meat ration


   Skills:
 + Level 2.6 Dodging
 + Level 2.6 Stealth
 + Level 3.7 Spellcasting
 + Level 2.0 Conjurations
 + Level 4.7 Air Magic


You had 5 spell levels left.
You knew the following spells:

 Your Spells              Type           Power        Failure   Level  Hunger
a - Shock                 Conj/Air       ###.         4%          1    None
b - Swiftness             Chrm/Air       ##......     10%         2    ##.....
c - Repel Missiles        Chrm/Air       ##....       10%         2    ##.....


Dungeon Overview and Level Annotations

Branches:
Dungeon (3/15)

Altars:
Qazlal

Annotations:
D:2 Robin


Message History

Press: ? - help, Shift-Dir - straight line The zap hits Robin.
Robin is heavily wounded.
The zap misses Robin.
Robin completely misses you.
Casting: Shock
Confirm with . or Enter, or press ? or * to list all spells.
You don't have enough magic to cast that spell.
Unknown command.
You hit Robin.
Robin is severely wounded.
Robin hits you but does no damage.
You hit Robin but do no damage.
Robin is severely wounded.
Robin zaps a wand.
The puff of flame hits you!
* * * LOW HITPOINT WARNING * * *
You hit Robin but do no damage.
Robin is severely wounded.
Robin zaps a wand.
The puff of flame hits you!
Ouch! That really hurt!
You die...

#....### #).......# #......#
#........# #......# #..(..(..#
#[.....###......###
#......')#......#
#......#.####...#
#......#....'...#
#......######...##
#####'#.....@....#
#.#.#####g##.#
#.#.#...#....############
#.#.>....................
######.#....g.................
#......##.#....##)###.######.#
#.####....####.##.....# #.#
#.#§§^^.^..≈...#.######## #..
#...≈#^....^.§.#........# #.#


You could see Robin.

Vanquished Creatures
  An orc wizard (D:2)
  An adder (D:3)
  An ooze (D:1)
  A dart slug (D:1)
  A worm (D:2)
  2 leopard geckos
  3 orcs (D:2)
  2 giant cockroaches
  11 goblins
  8 hobgoblins
  7 kobolds
  11 bats
  A frilled lizard (D:1)
  3 rats
53 creatures vanquished.

Notes
Turn   | Place    | Note
-------+----------+-------------------------------------------
     0 | D:1      | McKennaii the High Elf Air Elementalist began the quest for the Orb.
     0 | D:1      | Reached XP level 1. HP: 11/11 MP: 4/4
    61 | D:1      | Reached skill level 4 in Air Magic
    61 | D:1      | Reached XP level 2. HP: 17/17 MP: 0/6
   595 | D:1      | Reached XP level 3. HP: 21/21 MP: 2/8
   724 | D:2      | Found a stormy altar of Qazlal.
  1385 | D:2      | Reached XP level 4. HP: 10/27 MP: 5/10
  1578 | D:3      | Learned a level 2 spell: Swiftness
  1581 | D:3      | Learned a level 2 spell: Repel Missiles
  1655 | D:3      | Noticed Robin
  1723 | D:2      | Killed from afar by Robin

Skill      XL: |  1  2  3  4 |
---------------+-------------+-----
Air Magic      | 4 |  4.7
Spellcasting   | 3 |  3.7
Conjurations   | 2 |  2.0
Dodging        | |  2.6
Stealth        | |  2.6

Action                   |  1- 3 |  4- 6 || total
-------------------------+-------+-------++-------
Melee: Unarmed           |     4 |     6 ||    10
 Cast: Shock             |    80 |    32 ||   112
       Repel Missiles    |       |     1 ||     1
  Use: Potion            |     6 |       ||     6
  Eat: Meat ration       |       |     1 ||     1
       Pizza             |       |     1 ||     1
Armor: Robe              |    27 |     5 ||    32
Dodge: Dodged            |    74 |    21 ||    95
       Deflected         |       |     1 ||     1
